 Dungeon Crawl Stone Soup version 0.24.0-7-gb3623d2c88 (console) character file.

Game seed: 6663308202918251841, levelgen mode: deterministic

1032 Kagalorn the Magician (level 8, -2/58 HPs)
             Began as a Gnoll Wizard on Nov 2, 2019.
             Was a Follower of Cheibriados.
             Slain by a hound (6 damage)
             ... on level 8 of the Dungeon.
             The game lasted 00:21:02 (5747 turns).

Kagalorn the Magician (Gnoll Wizard)                Turns: 5747, Time: 00:21:03

Health: -2/58      AC:  2    Str: 11    XL:     8   Next: 23%
Magic:  2/19       EV: 15    Int: 24    God:    Cheibriados [*.....]
Gold:   456        SH:  0    Dex: 17    Spells: 13/22 levels left

rFire    . . .     SeeInvis .   l - +1 flail
rCold    . . .     Gourm    .   (no shield)
rNeg     . . .     Faith    .   a - +0 robe
rPois    .         Spirit   .   b - +0 hat
rElec    .         Reflect  .   (no cloak)
rCorr    +         Harm     .   (no gloves)
MR       .....                  (no boots)
Stlth    +++.......             v - amulet of regeneration
HPRegen  0.59/turn              q - ring of resist corrosion
MPRegen  0.16/turn              (no ring)

@: drained, very slow
A: distributed training, fangs 1, strong nose
a: Bend Time, Renounce Religion


You were on level 8 of the Dungeon.
You worshipped Cheibriados.
Cheibriados was aware of your devotion.
You were hungry.

You visited 2 branches of the dungeon, and saw 9 of its levels.

You collected 456 gold pieces.

Inventory:

Hand Weapons
 j - a +0 dagger
 l - a +1 flail (weapon)
 n - a +0 hunting sling
Missiles
 f - 228 stones (quivered)
 o - 57 sling bullets
 p - 52 arrows
 t - 33 bolts
Armour
 a - a +0 robe (worn)
 b - a +0 hat (worn)
Jewellery
 q - a ring of resist corrosion (left hand)
 v - an amulet of regeneration (around neck)
Wands
 A - a wand of iceblast (15)
 B - a wand of flame (11)
 C - a wand of acid (6)
Scrolls
 e - a scroll of immolation
 h - 5 scrolls of remove curse
 m - a scroll of enchant weapon
 s - a scroll of fear {unknown}
 u - 2 scrolls of magic mapping
 w - 2 scrolls of teleportation
 x - 2 scrolls of enchant armour {unknown}
 y - a scroll of blinking {unknown}
Potions
 c - a potion of flight
 g - a potion of brilliance {unknown}
 i - a potion of curing
 k - a potion of resistance
 r - 2 potions of cancellation
 z - a potion of might
Comestibles
 d - 5 rations


   Skills:
 + Level 3.0(2.3) Fighting
 + Level 3.0(2.3) Short Blades
 + Level 3.0(2.3) Long Blades
 + Level 3.0(2.3) Axes
 + Level 3.0(2.3) Maces & Flails
 + Level 3.0(2.3) Polearms
 + Level 3.0(2.3) Staves
 + Level 3.0(2.3) Slings
 + Level 3.0(2.3) Bows
 + Level 3.0(2.3) Crossbows
 + Level 3.0(2.3) Throwing
 + Level 3.0(2.3) Armour
 + Level 5.5(4.8) Dodging
 + Level 5.2(4.4) Stealth
 + Level 3.0(2.3) Shields
 + Level 3.0(2.3) Unarmed Combat
 + Level 7.8(7.0) Spellcasting
 + Level 3.3(2.6) Conjurations
 + Level 2.4(1.7) Hexes
 + Level 2.4(1.7) Charms
 + Level 3.3(2.6) Summonings
 + Level 2.4(1.7) Necromancy
 + Level 3.3(2.6) Translocations
 + Level 2.4(1.7) Transmutations
 + Level 2.4(1.7) Fire Magic
 + Level 2.4(1.7) Ice Magic
 + Level 2.4(1.7) Air Magic
 + Level 2.4(1.7) Earth Magic
 + Level 2.4(1.7) Poison Magic
 + Level 3.3(2.6) Invocations
 + Level 3.0(2.3) Evocations


You had 13 spell levels left.
You knew the following spells:

 Your Spells              Type           Power        Failure   Level  Hunger
a - Magic Dart            Conj           ###.         2%          1    None
d - Conjure Flame         Conj/Fire      ###.....     9%          3    None
e - Mephitic Cloud        Conj/Pois/Air  ###.....     10%         3    None
f - Blink                 Tloc           N/A          3%          2    None

Your spell library contained the following spells:

 Spells                   Type           Power        Failure   Level  Hunger
 Corona                   Hex            ###....      3%          1    None
 Call Imp                 Summ           ###.....     3%          2    None
 Ensorcelled Hibernation  Hex/Ice        ###...       5%          2    None
 Slow                     Hex            ###.....     5%          2    None
 Dazzling Spray           Conj/Hex       ###...       9%          3    None
 Confuse                  Hex            ###.....     11%         3    None
 Tukima's Dance           Hex            ###.....     11%         3    None


Dungeon Overview and Level Annotations

Branches:
Dungeon (8/15)             Temple (1/1) D:5
   Lair: D:8-11

Altars:
Cheibriados
Dithmenos
Elyvilon
Fedhas
Hepliaklqana
Kikubaaqudgha
Makhleb
Nemelex Xobeh
Qazlal
Sif Muna
Trog
Vehumet
Wu Jian
Xom
Yredelemnul
Zin

Annotations:
D:6 Edmund


Innate Abilities, Weirdness & Mutations

Your experience applies equally to all skills.
You have very sharp teeth.
Your uncanny sense of smell can sniff out nearby items.


Message History

Aim: a wight, wielding a +0 halberd and wearing a +0 robe (almost destroyed, inner flame)
The magic dart hits the worker ant.
The worker ant is lightly wounded.
The worker ant bites you but does no damage.
The worker ant misses you.
Your surroundings suddenly seem different.
Found a papyrus book.
The hornet misses you. The hound barely misses you.
There is a stone staircase leading down here.
The hornet stings you!
* * * LOW HITPOINT WARNING * * *
You feel yourself slow down. The hound bites you.
* * * LOW HITPOINT WARNING * * *
The hornet barely misses you.
You climb downwards.
Found a helmet, 17 gold pieces and a hand axe.
There is a stone staircase leading up here.
You feel yourself speed up. The hound bites you.
You die...

####### ∆
.....). .......
.....$.###
.........
......h.#######
....[..@y......
...............
........#......
..........#####
########. #H...
.#8..#J .# .#..
.#.....


You could see a slime creature (sleeping), a hippogriff (sleeping), a hornet
(inner flame) and a hound.

Vanquished Creatures
  2 ice beasts (D:6)
  3 ogres (D:4)
  A scorpion (D:4)
  A crimson imp (D:5)
  3 hounds
  A jelly (D:3)
  A bullfrog skeleton (D:6)
  2 orc priests (D:5)
  A centaur skeleton (D:4)
  2 iguanas
  3 worker ants
  5 adders
  A gnoll (D:1)
  A howler monkey skeleton (D:6)
  A shadow imp (D:5)
  An ooze (D:4)
  An adder skeleton (D:5)
  2 worms
  A dart slug (D:4)
  A leopard gecko (D:1)
  10 orcs
  A bat zombie (D:5)
  A giant cockroach (D:1)
  7 goblins
  8 hobgoblins
  4 jackals (D:4)
  6 quokkas
  3 bats
  6 frilled lizards
  A jackal zombie (D:7)
  4 kobolds
  3 rats
  2 rat zombies (D:5)
90 creatures vanquished.

Notes
Turn   | Place    | Note
-------+----------+-------------------------------------------
     0 | D:1      | Kagalorn the Gnoll Wizard began the quest for the Orb.
     0 | D:1      | Reached XP level 1. HP: 13/13 MP: 8/8
   295 | D:1      | Reached XP level 2. HP: 19/19 MP: 2/10
   624 | D:2      | Learned a level 2 spell: Blink
   828 | D:2      | Reached XP level 3. HP: 25/25 MP: 9/11
  1234 | D:2      | Reached skill level 1 in Invocations
  1572 | D:1      | Reached skill level 1 in Fighting
  1572 | D:1      | Reached skill level 1 in Short Blades
  1572 | D:1      | Reached skill level 1 in Long Blades
  1572 | D:1      | Reached skill level 1 in Axes
  1572 | D:1      | Reached skill level 1 in Maces & Flails
  1572 | D:1      | Reached skill level 1 in Polearms
  1572 | D:1      | Reached skill level 1 in Staves
  1572 | D:1      | Reached skill level 1 in Slings
  1572 | D:1      | Reached skill level 1 in Bows
  1572 | D:1      | Reached skill level 1 in Crossbows
  1572 | D:1      | Reached skill level 1 in Throwing
  1572 | D:1      | Reached skill level 1 in Armour
  1572 | D:1      | Reached skill level 1 in Shields
  1572 | D:1      | Reached skill level 1 in Unarmed Combat
  1572 | D:1      | Reached skill level 1 in Evocations
  1743 | D:3      | Reached XP level 4. HP: 30/32 MP: 9/13
  1789 | D:3      | Found a hazy altar of Hepliaklqana.
  1948 | D:3      | Reached skill level 1 in Hexes
  1948 | D:3      | Reached skill level 1 in Charms
  1948 | D:3      | Reached skill level 1 in Necromancy
  1948 | D:3      | Reached skill level 1 in Transmutations
  1948 | D:3      | Reached skill level 1 in Fire Magic
  1948 | D:3      | Reached skill level 1 in Ice Magic
  1948 | D:3      | Reached skill level 1 in Air Magic
  1948 | D:3      | Reached skill level 1 in Earth Magic
  1948 | D:3      | Reached skill level 1 in Poison Magic
  2313 | D:3      | Found a glowing silver altar of Zin.
  2350 | D:4      | Noticed an ogre
  2445 | D:4      | Noticed an ogre
  2452 | D:4      | Learned a level 3 spell: Conjure Flame
  2456 | D:4      | Learned a level 3 spell: Mephitic Cloud
  2552 | D:4      | Killed an ogre
  2552 | D:4      | Reached XP level 5. HP: 37/37 MP: 4/14
  2669 | D:4      | Killed an ogre
  2669 | D:4      | Reached XP level 6. HP: 44/44 MP: 8/16
  2876 | D:4      | Reached skill level 5 in Dodging
  3389 | D:4      | Reached XP level 7. HP: 50/50 MP: 6/18
  3663 | D:5      | Entered Level 5 of the Dungeon
  3817 | D:5      | Found an ancient bone altar of Kikubaaqudgha.
  4244 | D:5      | Found a staircase to the Ecumenical Temple.
  4251 | Temple   | Entered the Ecumenical Temple
  4319 | Temple   | Became a worshipper of Cheibriados the Contemplative
  4426 | D:5      | Found an ancient bone altar of Kikubaaqudgha.
  4648 | D:6      | Reached skill level 5 in Stealth
  4852 | D:6      | Reached XP level 8. HP: 57/57 MP: 2/19
  5275 | D:6      | Noticed Edmund
  5429 | D:6      | Found a white marble altar of Elyvilon.
  5660 | D:7      | Noticed a hornet
  5714 | D:7      | Reached * piety under Cheibriados
  5745 | D:7      | HP: 2/58 [hound (4)]
  5746 | D:8      | Noticed a hippogriff
  5746 | D:8      | Noticed a slime creature
  5747 | D:8      | Slain by a hound

Levels and vault maps discovered:
D:1:      minmay_arrival_semitransparent, layout_loops_ring,
          minmay_strange_pillars
D:2:      layout_loops_ring, grunt_decor_fettered, guppyfry_early_orc_mine
D:3:      layout_loops_cross, zin_statuary, old_standard_altar
D:4:      layout_loops_corners
D:5:      layout_cave_pools, lemuel_zombie_altar_kikubaaqudgha,
          minmay_temple_entry_offerings, first_ration, basic_altar
D:6:      layout_rooms, lemuel_doored_altar, uniq_edmund
D:7:      layout_rooms, nicolae_ru_awakened_eye, serial_undead, serial_undead_c,
          serial_undead_d, serial_undead_e, serial_undead_d, serial_undead_b
D:8:      layout_basic, nicolae_tso_swordbearing_angel,
          gammafunk_temple_overflow_arena, dpeg_lair_monsters, uniq_grum
Temple:   nicolae_temple_x_marks_the_god

Skill      XL: |  1  2  3  4  5  6  7  8 |
---------------+-------------------------+-----
Conjurations   | 2 3 |  3.3
Summonings     | 2 3 |  3.3
Translocations | 2 3 |  3.3
Invocations    | 1 2 3 |  3.3
Fighting       | 1 2 3 |  3.0
Short Blades   | 1 2 3 |  3.0
Long Blades    | 1 2 3 |  3.0
Axes           | 1 2 3 |  3.0
Maces & Flails | 1 2 3 |  3.0
Polearms       | 1 2 3 |  3.0
Staves         | 1 2 3 |  3.0
Slings         | 1 2 3 |  3.0
Bows           | 1 2 3 |  3.0
Crossbows      | 1 2 3 |  3.0
Throwing       | 1 2 3 |  3.0
Armour         | 1 2 3 |  3.0
Shields        | 1 2 3 |  3.0
Unarmed Combat | 1 2 3 |  3.0
Evocations     | 1 2 3 |  3.0
Hexes          | 1 2 |  2.4
Charms         | 1 2 |  2.4
Necromancy     | 1 2 |  2.4
Transmutations | 1 2 |  2.4
Fire Magic     | 1 2 |  2.4
Ice Magic      | 1 2 |  2.4
Air Magic      | 1 2 |  2.4
Earth Magic    | 1 2 |  2.4
Poison Magic   | 1 2 |  2.4
Dodging        | 5 |  5.5
Stealth        | 5 |  5.2
Spellcasting   | |  7.8

Action                   |  1- 3 |  4- 6 |  7- 9 || total
-------------------------+-------+-------+-------++-------
Melee: Dagger            |       |     2 |       ||     2
       Flail             |       |     1 |    22 ||    23
       Bite              |       |       |     2 ||     2
 Cast: Magic Dart        |    72 |    95 |   190 ||   357
       Blink             |     1 |       |     5 ||     6
       Conjure Flame     |       |     6 |    10 ||    16
       Mephitic Cloud    |       |     1 |     3 ||     4
  Use: Scroll            |       |       |    10 ||    10
       Potion            |       |       |     1 ||     1
  Eat: Chunk             |     2 |     2 |     7 ||    11
       Ration            |       |     1 |       ||     1
Armor: Robe              |     1 |       |     4 ||     5
Dodge: Dodged            |     4 |     7 |    46 ||    57
